 Dungeon Crawl Stone Soup version 0.27.0-1-g7a089689b8 (webtiles) character file.

Game seed: 11266180640503921178

46 robertstho the Magician (level 3, -1/27 HPs)
             Began as a Djinni Fire Elementalist on Aug 9, 2021.
             Slain by an orc (4 damage)
             ... on level 3 of the Dungeon.
             The game lasted 00:01:45 (2368 turns).

robertstho the Magician (Djinni Fire Elementalist)  Turns: 2368, Time: 00:01:46

Health: -1/27      AC:  2    Str:  7    XL:     3   Next: 92%
Gold:   53         EV: 12    Int: 17    God:
                   SH:  0    Dex: 13

rFire    + + .     SeeInvis .   c - +0 dagger
rCold    x . .     Faith    .   (no shield)
rNeg     . . .     Spirit   .   a - +0 robe
rPois    ∞         Reflect  .   (no helmet)
rElec    .         Harm     .   (no cloak)
rCorr    .         Rampage  .   (no gloves)
Will     .....                  (boots unavailable)
Stlth    ++........             (no amulet)
HPRegen  0.09/turn              (no ring)
MPRegen  0.00/turn              (no ring)

@: flying
A: sickness immunity, fire resistance 2, cold vulnerability 1, float, innate
caster, hp casting, extra vitality 1
a: no special abilities


You were on level 3 of the Dungeon.
You visited 1 branch of the dungeon, and saw 3 of its levels.

You collected 53 gold pieces.

Inventory:

Hand Weapons
 c - a +0 dagger (weapon)
Armour
 a - a +0 robe (worn)
Jewellery
 k - a ring of willpower
 m - a ring of protection from fire
Scrolls
 b - a scroll of fear {unknown}
 d - a scroll of brand weapon {unknown}
 e - a scroll of amnesia {unknown}
 f - a scroll of identify {unknown}
 g - a scroll of magic mapping {unknown}
 h - a scroll of fog {unknown}
 i - 3 scrolls of silence {unknown}
 l - a scroll of blinking {unknown}
Potions
 j - a potion of might {unknown}
 n - a potion of flight {unknown}


   Skills:
 * Level 1.3 Fighting
 + Level 2.2 Dodging
 + Level 1.6 Stealth
 * Level 3.2 Spellcasting


You couldn't memorise any spells.
You knew the following spells:

 Your Spells              Type           Power      Damage    Failure   Level
a - Foxfire               Conj/Fire      52%        2x1d6     4%          1
b - Conjure Flame         Conj/Fire      13%        6-21      13%         3
c - Inner Flame           Hex/Fire       13%        N/A       13%         3
d - Sticky Flame          Conj/Fire      13%        2d4       41%         4
e - Fireball              Conj/Fire      6%         3d5       77%         5
f - Freeze                Ice            52%        1d7       4%          1
Your spell library was empty.

Dungeon Overview and Level Annotations

Branches:
Dungeon (3/15)

Altars:


Innate Abilities, Weirdness & Mutations

You are immune to sickness and miasma.
You are immune to poison.
Your flesh is very heat resistant. (rF++)
You are vulnerable to cold. (rC-)
You float through the air rather than walking.
You learn spells naturally, not from books.
Your magical power is your life essence.
You have superior vitality. (+4 HP)


Message History

The orc priest is lightly wounded.
The foxfire hits the orc priest but does no damage.
The orc priest is lightly wounded.
The foxfire hits the orc but does no damage.
The orc priest barely misses you.
Casting: Foxfire (safe; 4% risk of failure)
Press: ? - help, Q - select action, (/) - cycle Dir - look around, f - activate You conjure some foxfire!
The foxfire hits the orc but does no damage.
The orc priest hits you with a +0 club.
Unknown command.
Casting: Foxfire (safe; 4% risk of failure)
Press: ? - help, Q - select action, (/) - cycle Dir - look around, f - activate You conjure some foxfire!
The foxfire hits the orc.
The orc is almost dead.
The foxfire hits the orc but does no damage.
The orc is almost dead.
The orc closely misses you. The orc priest closely misses you.
Casting: Foxfire (safe; 4% risk of failure)
Press: ? - help, Q - select action, (/) - cycle Dir - look around, f - activate You conjure some foxfire!
The foxfire hits the orc.
You kill the orc!
The foxfire hits the orc priest but does no damage.
The orc priest is lightly wounded.
The orc priest closely misses you. The orc hits you with a +0 short sword.
Unknown command.
Casting: Foxfire (safe; 4% risk of failure)
Press: ? - help, Q - select action, (/) - cycle Dir - look around, f - activate You conjure some foxfire!
The foxfire hits the orc priest.
The orc priest is moderately wounded.
The foxfire hits the orc priest.
The orc priest is heavily wounded.
The orc priest mumbles some strange prayers to Beogh against you.
Beogh smites you!
* * * LOW HITPOINT WARNING * * *
The orc hits you with a +0 short sword.
You die...

.... #...
#########...
........#:.
..........#
.....)....#
......§§§.#
.......@v.#
......ovo.#
......)...#
.<.......##
..........
####.##.#..
#. #..## ..
##.


You could see an orc priest (ally target) and an orc (ally target).

Vanquished Creatures
  A worm (D:2)
  2 dart slugs
  2 orcs (D:3)
  3 ball pythons (D:1)
  A bat (D:2)
  7 endoplasms
  A hobgoblin (D:1)
  5 kobolds
  A quokka (D:2)
  5 frilled lizards
  3 goblins
  6 rats
37 creatures vanquished.

Vanquished Creatures (collateral kills)
  2 foxfires (D:1)
2 creatures vanquished.

Vanquished Creatures (others)
  158 foxfires
158 creatures vanquished.

Grand Total: 197 creatures vanquished

Notes
Turn   | Place    | Note
-------+----------+-------------------------------------------
     0 | D:1      | robertstho the Djinni Fire Elementalist began the quest for
                  | the Orb.
     0 | D:1      | Reached XP level 1. HP: 15/15 MP: 0/0
   437 | D:1      | Reached XP level 2. HP: 17/21 MP: 0/0
  1185 | D:1      | Reached skill level 1 in Fighting
  1355 | D:1      | Reached XP level 3. HP: 25/27 MP: 0/0
  1355 | D:1      | Learned a level 1 spell: Freeze
  1371 | D:1      | Found a faded altar of an unknown god.
  1530 | D:2      | Reached skill level 3 in Spellcasting
  2368 | D:3      | Slain by an orc

Illustrated notes

Levels and vault maps discovered:
D:1:      minmay_arrival_pointy, layout_basic, serial_glass, glass_columns_b,
          glass_columns_b, glass_columns_c, glass_columns_a, glass_columns_c,
          shapermc_ecumenical_altar_hornbeckon
D:2:      wander_river, layout_basic
D:3:      layout_rooms

Skill      XL: |  1  2  3 |
---------------+----------+-----
Fighting       | 1 |  1.3
Spellcasting   | 3 |  3.2
Dodging        | |  2.2
Stealth        | |  1.6

Action                   || total
-------------------------++-------
 Cast: Foxfire           ||    95
Dodge: Dodged            ||     8
